 Dungeon Crawl Stone Soup version 0.23-a0-480-g1869896531 (webtiles) character file.

5767 Azzok the Martial Artist (level 10, -2/91 HPs)
             Began as a Gnoll Transmuter on Nov 29, 2018.
             Was an Elder of Cheibriados.
             Slain by a killer bee (7 damage)
             ... on level 10 of the Dungeon.
             The game lasted 00:18:28 (8997 turns).

Azzok the Martial Artist (Gnoll Transmuter)         Turns: 8997, Time: 00:18:29

Health: -2/91      AC:  8    Str: 21    XL:     10   Next: 78%
Magic:  21/21      EV: 16    Int: 31    God:    Cheibriados [****..]
Gold:   520        SH:  0    Dex: 25    Spells: 9/24 levels left

rFire    x . .     SeeInvis .     - Unarmed
rCold    + + +     Gourm    .   (shield currently unavailable)
rNeg     . . .     Faith    .   (armour currently unavailable)
rPois    +         Spirit   .   (helmet currently unavailable)
rElec    .         Reflect  .   (cloak currently unavailable)
rCorr    .         Harm     .   (gloves currently unavailable)
MR       .....                  (boots currently unavailable)
Stlth    ++++......             (no amulet)
HPRegen  0.25/turn              e - +3 ring of intelligence
MPRegen  0.17/turn              g - ring of wizardry

@: lethally poisoned (-2 -> -3), ice-form, very slow
A: large, distributed training, strong nose
a: End Transformation, Bend Time, Temporal Distortion, Slouch, Renounce Religion


You were on level 10 of the Dungeon.
You worshipped Cheibriados.
Cheibriados was greatly pleased with you.
You were hungry.
You were a creature of crystalline ice.
You visited 1 branch of the dungeon, and saw 10 of its levels.

You collected 520 gold pieces.

Inventory:

Hand Weapons
 I - a +2 dagger of electrocution
 J - a +0 blowgun
Missiles
 a - 142 arrows
 u - 63 poisoned needles
 F - 6 needles of confusion
Armour
 b - a +0 robe (melded)
 h - a scarf of repulsion (melded)
 E - a +2 helmet (melded)
Magical Staves
 G - an uncursed staff of wizardry
Jewellery
 e - a +3 ring of intelligence (left front paw)
 g - a ring of wizardry (right front paw)
 r - an uncursed ring of poison resistance
 D - an uncursed ring of ice {unknown}
Wands
 q - a wand of clouds (6)
 s - a wand of acid (5)
 H - a wand of paralysis (8)
Scrolls
 c - 3 scrolls of random uselessness {unknown}
 i - a scroll of magic mapping {unknown}
 l - 2 scrolls of fog {unknown}
 n - 4 scrolls of remove curse {unknown}
 t - 3 scrolls of teleportation {unknown}
 w - a scroll of enchant weapon {unknown}
 y - a scroll of identify
 B - 4 scrolls of immolation {unknown}
 C - a scroll of enchant armour {unknown}
 L - a scroll of amnesia {unknown}
 N - a scroll of fear {unknown}
Potions
 f - a potion of curing
 j - a potion of flight
 k - a potion of cancellation {unknown}
 m - 2 potions of magic
 o - a potion of brilliance {unknown}
 p - 4 potions of heal wounds
 v - 2 potions of mutation {!q}
 x - a potion of ambrosia {unknown}
 z - 2 potions of berserk rage {unknown}
 A - a potion of invisibility {unknown}
 M - a potion of degeneration {unknown}
 O - 2 potions of lignification {unknown}
Comestibles
 d - 14 rations


   Skills:
 + Level 6.1 Fighting
 + Level 5.5 Short Blades
 + Level 5.5 Long Blades
 + Level 5.5 Axes
 + Level 5.5 Maces & Flails
 + Level 5.5 Polearms
 + Level 5.5 Staves
 + Level 5.5 Slings
 + Level 5.5 Bows
 + Level 5.5 Crossbows
 + Level 5.5 Throwing
 + Level 5.5 Armour
 + Level 7.2 Dodging
 + Level 5.5 Stealth
 + Level 5.5 Shields
 + Level 8.6 Unarmed Combat
 + Level 7.5 Spellcasting
 + Level 4.5 Conjurations
 + Level 4.5 Hexes
 + Level 4.5 Charms
 + Level 4.5 Summonings
 + Level 4.5 Necromancy
 + Level 4.5 Translocations
 + Level 6.0 Transmutations
 + Level 4.5 Fire Magic
 + Level 4.5 Ice Magic
 + Level 4.5 Air Magic
 + Level 4.5 Earth Magic
 + Level 4.5 Poison Magic
 + Level 6.0 Invocations
 + Level 5.5 Evocations


You had 9 spell levels left.
You knew the following spells:

 Your Spells              Type           Power        Failure   Level  Hunger
a - Blade Hands           Tmut           #####.....   4%          5    ####...
b - Spider Form           Tmut/Pois      #####.....   1%          3    None
c - Ice Form              Ice/Tmut       #####...     1%          4    #......
d - Sticks to Snakes      Tmut           #####...     1%          2    None
e - Beastly Appendage     Tmut           #####.       1%          1    None

Your spell library contained the following spells:

 Spells                   Type           Power        Failure   Level  Hunger
 Magic Dart               Conj           ####         1%          1    None
 Blink                    Tloc           N/A          1%          2    None
 Call Imp                 Summ           #####...     1%          2    None
 Slow                     Hex            #####...     1%          2    None
 Conjure Flame            Conj/Fire      #####...     1%          3    None
 Mephitic Cloud           Conj/Pois/Air  #####...     1%          3    None


Dungeon Overview and Level Annotations

Branches:
Dungeon (10/15)            Temple (0/1) D:6
   Lair: D:8-11         Orc: D:9-12

Altars:
Cheibriados
Dithmenos
Elyvilon
Fedhas
Nemelex Xobeh
Sif Muna
Xom
The Shining One

Shops:
D:5 }   D:6 *

Annotations:
D:6 exclusion: oklob plant


Innate Abilities, Weirdness & Mutations

Your experience applies equally to all skills.
((You have very sharp teeth.))
Your uncanny sense of smell can sniff out nearby items.


Message History

The killer bee stings you!
* * * LOW HITPOINT WARNING * * *
The killer bee misses you. The killer bee stings you.
* * * LOW HITPOINT WARNING * * *
The killer bee stings you but does no damage.
The killer bee stings you.
* * * LOW HITPOINT WARNING * * *
You pummel the killer bee!! You freeze the killer bee!
You kill the killer bee!
Cheibriados thoroughly appreciates the change of pace.
The killer bee misses you. The killer bee barely misses you.
You barely miss the killer bee. You closely miss the killer bee.
The killer bee stings you.
* * * LOW HITPOINT WARNING * * *
You are poisoned.
The killer bee poisons you! The killer bee closely misses you.
The yak gores you!
* * * LOW HITPOINT WARNING * * *
The killer bee misses you. The killer bee stings you!
You die...

▒▒▒▒▒▒▒▒▒▒▒▒▒▒
†·······§····▒▒··· ···▒
·····§··§·▒··▒▒··▒▒···▒
·····§§§§·▒··▒▒·······▒
·····§§·§·▒··▒▒·······▒
·····§····▒··▒▒···8···▒
·····§§··▒▒··▒▒·······▒
······▒▒▒▒▒··▒▒·†)····▒
······▒ ▒··▒▒yY▒ ▒
······▒ ▒··▒▒Yy▒ ·▒
······▒ ▒··▒▒Yy▒ ··▒
······▒ ▒··▒▒··▒▒▒··▒
······▒ ▒··▒▒·s·····▒
··· ▒··▒▒·······▒ ··
▒··▒▒·······▒ ▒
▒··▒▒·······▒ ▒
···▒▒▒▒▒··▒▒·········


You could see 2 yaks, a scorpion and 3 killer bees.

Vanquished Creatures
  Grinder (D:6)
  A hippogriff (D:8)
  Sigmund (D:2)
  6 yaks
  A hungry ghost (D:9)
  2 sky beasts
  2 necrophages (D:10)
  A black bear (D:6)
  4 orc warriors
  2 phantoms
  7 ogres
  3 centaurs
  A big kobold (D:8)
  2 bullfrogs
  A wyvern zombie (D:10)
  4 scorpions
  12 killer bees
  9 wights
  3 howler monkeys
  2 crimson imps
  A bullfrog zombie (D:8)
  A centaur zombie (D:10)
  A hound (D:6)
  5 jellies
  3 orc wizards
  4 iguanas
  Natasha (D:2)
  6 worker ants
  A hound zombie (D:9)
  2 hound skeletons
  A howler monkey zombie (D:7)
  A worker ant zombie (D:10)
  4 gnolls
  14 adders
  A shadow imp (D:2)
  An adder skeleton (D:3)
  2 worms (D:6)
  2 dart slugs (D:4)
  7 leopard geckos
  18 orcs
  5 ball pythons
  8 giant cockroaches
  9 goblins
  7 hobgoblins
  8 jackals
  2 quokkas
  5 bats
  5 frilled lizards
  A jackal skeleton (D:6)
  15 kobolds
  A quokka zombie (D:7)
  5 rats
212 creatures vanquished.

Vanquished Creatures (others)
  An orc (D:10)
1 creature vanquished.

Grand Total: 213 creatures vanquished

Notes
Turn   | Place    | Note
-------+----------+-------------------------------------------
     0 | D:1      | Azzok the Gnoll Transmuter began the quest for the Orb.
     0 | D:1      | Reached XP level 1. HP: 17/17 MP: 6/6
   178 | D:1      | Reached XP level 2. HP: 20/23 MP: 7/7
   723 | D:1      | Reached XP level 3. HP: 28/28 MP: 9/9
   750 | D:1      | Reached skill level 5 in Spellcasting
   955 | D:1      | Learned a level 3 spell: Spider Form
   985 | D:2      | Reached skill level 1 in Invocations
  1195 | D:2      | Reached skill level 1 in Short Blades
  1195 | D:2      | Reached skill level 1 in Long Blades
  1195 | D:2      | Reached skill level 1 in Axes
  1195 | D:2      | Reached skill level 1 in Maces & Flails
  1195 | D:2      | Reached skill level 1 in Polearms
  1195 | D:2      | Reached skill level 1 in Staves
  1195 | D:2      | Reached skill level 1 in Slings
  1195 | D:2      | Reached skill level 1 in Bows
  1195 | D:2      | Reached skill level 1 in Crossbows
  1195 | D:2      | Reached skill level 1 in Throwing
  1195 | D:2      | Reached skill level 1 in Armour
  1195 | D:2      | Reached skill level 1 in Stealth
  1195 | D:2      | Reached skill level 1 in Shields
  1195 | D:2      | Reached skill level 1 in Evocations
  1241 | D:2      | Reached XP level 4. HP: 34/34 MP: 7/11
  1351 | D:2      | Noticed Sigmund
  1367 | D:2      | Killed Sigmund
  1367 | D:2      | Reached skill level 1 in Conjurations
  1367 | D:2      | Reached skill level 1 in Hexes
  1367 | D:2      | Reached skill level 1 in Charms
  1367 | D:2      | Reached skill level 1 in Summonings
  1367 | D:2      | Reached skill level 1 in Necromancy
  1367 | D:2      | Reached skill level 1 in Translocations
  1367 | D:2      | Reached skill level 1 in Fire Magic
  1367 | D:2      | Reached skill level 1 in Ice Magic
  1367 | D:2      | Reached skill level 1 in Air Magic
  1367 | D:2      | Reached skill level 1 in Earth Magic
  1367 | D:2      | Reached skill level 1 in Poison Magic
  1367 | D:2      | Reached XP level 5. HP: 25/41 MP: 9/12
  1367 | D:2      | Reached XP level 6. HP: 28/47 MP: 9/13
  1741 | D:2      | Noticed Natasha
  1749 | D:2      | Killed Natasha
  2051 | D:3      | Reached skill level 5 in Dodging
  2504 | D:3      | Found a shimmering altar of Xom.
  2906 | D:4      | Learned a level 4 spell: Ice Form
  2909 | D:4      | Learned a level 2 spell: Sticks to Snakes
  3123 | D:4      | Reached XP level 7. HP: 48/52 MP: 11/15
  3332 | D:4      | Found a snail-covered altar of Cheibriados.
  3537 | D:4      | Became a worshipper of Cheibriados the Contemplative
  3554 | D:4      | Got a heavily runed leather armour
  3613 | D:4      | Found a glowing golden altar of the Shining One.
  3684 | D:4      | Reached skill level 7 in Unarmed Combat
  3883 | D:5      | Entered Level 5 of the Dungeon
  3986 | D:5      | Found a deep blue altar of Sif Muna.
  4429 | D:5      | Found Urries's Gadget Shoppe.
  4614 | D:6      | Found Ymiricua's General Store.
  4708 | D:6      | Reached XP level 8. HP: 38/60 MP: 13/16
  5228 | D:6      | Reached * piety under Cheibriados
  5361 | D:6      | Found a staircase to the Ecumenical Temple.
  5725 | D:6      | Found a blossoming altar of Fedhas.
  5738 | D:6      | Noticed an oklob plant
  5885 | D:6      | Noticed Grinder
  5890 | D:6      | Killed Grinder
  5891 | D:6      | Reached XP level 9. HP: 66/66 MP: 18/18
  5969 | D:6      | Found a shimmering altar of Xom.
  6141 | D:7      | Reached skill level 5 in Transmutations
  6180 | D:7      | Found a sparkling altar of Nemelex Xobeh.
  6710 | D:7      | Reached ** piety under Cheibriados
  7062 | D:7      | You fall through a shaft!
  7076 | D:8      | Reached skill level 5 in Fighting
  7354 | D:8      | Reached skill level 8 in Unarmed Combat
  7562 | D:7      | Learned a level 5 spell: Blade Hands
  7577 | D:8      | Reached skill level 5 in Invocations
  7812 | D:9      | Reached *** piety under Cheibriados
  7812 | D:9      | Reached XP level 10. HP: 74/74 MP: 16/20
  7853 | D:8      | Identified the +1 leather armour of the Valley of Death
                  | {Dex+4} (You found it on level 4 of the Dungeon)
  8009 | D:9      | Found a white marble altar of Elyvilon.
  8179 | D:9      | Found a shadowy altar of Dithmenos.
  8218 | D:9      | Reached skill level 5 in Short Blades
  8218 | D:9      | Reached skill level 5 in Long Blades
  8218 | D:9      | Reached skill level 5 in Axes
  8218 | D:9      | Reached skill level 5 in Maces & Flails
  8218 | D:9      | Reached skill level 5 in Polearms
  8218 | D:9      | Reached skill level 5 in Staves
  8218 | D:9      | Reached skill level 5 in Slings
  8218 | D:9      | Reached skill level 5 in Bows
  8218 | D:9      | Reached skill level 5 in Crossbows
  8218 | D:9      | Reached skill level 5 in Throwing
  8218 | D:9      | Reached skill level 5 in Armour
  8218 | D:9      | Reached skill level 5 in Stealth
  8218 | D:9      | Reached skill level 5 in Shields
  8218 | D:9      | Reached skill level 5 in Evocations
  8514 | D:9      | Reached **** piety under Cheibriados
  8809 | D:10     | Entered Level 10 of the Dungeon
  8997 | D:10     | Slain by a killer bee

Vault maps used:
D:1:      minmay_arrival_cross
D:2:      kennysheep_six_static_rooms, uniq_natasha, uniq_sigmund
D:3:      tgw_xom
D:4:      minmay_chambers_of_twos, tso_oasis_becter, kennysheep_slug_shrine,
          first_ration, minmay_misc_feat_doors, minmay_misc_feat_rows
D:5:      nicolae_overflow_crystal_walls, serial_shops, shop,
          kennysheep_pointless_box
D:6:      lemuel_coloured_pillars_altar, tgw_fedhas,
          minmay_temple_entry_junction_2, serial_shops, shop,
          grunt_decor_clamped, uniq_grinder
D:7:      kennysheep_little_box, uniq_duvessa, uniq_prince_ribbit1
D:8:      grunt_pizzeria
D:9:      nicolae_dithmenos_shadow_blocks, lemuel_doored_altar
D:10:     serial_undead, serial_undead_d, serial_undead_c, serial_undead_a,
          serial_undead_d

Skill      XL: |  1  2  3  4  5  6  7  8  9 10 |
---------------+-------------------------------+-----
Spellcasting   | 5 6 7 |  7.5
Invocations    | 1 2 3 4 5 6 |  6.0
Short Blades   | 1 2 3 4 5 |  5.5
Long Blades    | 1 2 3 4 5 |  5.5
Axes           | 1 2 3 4 5 |  5.5
Maces & Flails | 1 2 3 4 5 |  5.5
Polearms       | 1 2 3 4 5 |  5.5
Staves         | 1 2 3 4 5 |  5.5
Slings         | 1 2 3 4 5 |  5.5
Bows           | 1 2 3 4 5 |  5.5
Crossbows      | 1 2 3 4 5 |  5.5
Throwing       | 1 2 3 4 5 |  5.5
Armour         | 1 2 3 4 5 |  5.5
Stealth        | 1 2 3 4 5 |  5.5
Shields        | 1 2 3 4 5 |  5.5
Evocations     | 1 2 3 4 5 |  5.5
Fighting       | 3 4 5 6 |  6.1
Conjurations   | 1 2 3 4 |  4.5
Hexes          | 1 2 3 4 |  4.5
Charms         | 1 2 3 4 |  4.5
Summonings     | 1 2 3 4 |  4.5
Necromancy     | 1 2 3 4 |  4.5
Translocations | 1 2 3 4 |  4.5
Transmutations | 4 5 6 |  6.0
Fire Magic     | 1 2 3 4 |  4.5
Ice Magic      | 1 2 3 4 |  4.5
Air Magic      | 1 2 3 4 |  4.5
Earth Magic    | 1 2 3 4 |  4.5
Poison Magic   | 1 2 3 4 |  4.5
Dodging        | 5 6 7 |  7.2
Unarmed Combat | 7 8 |  8.6

Action                   |  1- 3 |  4- 6 |  7- 9 | 10-12 || total
-------------------------+-------+-------+-------+-------++-------
Melee: Unarmed           |    93 |   105 |   265 |   112 ||   575
       Punch             |     4 |     2 |     2 |     3 ||    11
       Bite              |     3 |     3 |     5 |     4 ||    15
 Cast: Spider Form       |     2 |    15 |    24 |       ||    41
       Ice Form          |       |       |    11 |    11 ||    22
       Blade Hands       |       |       |     1 |     2 ||     3
Invok: Bend Time         |       |       |     1 |       ||     1
Evoke: Wand              |       |       |     4 |       ||     4
  Use: Scroll            |       |       |       |     6 ||     6
       Potion            |       |       |       |     1 ||     1
 Stab: Sleeping          |     2 |     4 |     6 |       ||    12
  Eat: Chunk             |     1 |     7 |     6 |     4 ||    18
       Ration            |       |       |     2 |       ||     2
Armor: Robe              |     7 |       |     3 |       ||    10
       Skin              |       |     3 |    23 |    16 ||    42
Dodge: Dodged            |    70 |    70 |   211 |    94 ||   445

Table legend:
 A = Non-vault XP
 B = Vault XP
 C = Vault XP percentage of total XP
 D = Non-vault monster count
 E = Vault monster count
 F = Vault count percentage of total count
                 A         B        C        D         E       F
            +---------+---------+-------+---------+---------+-------
      Total |    7083 |    1156 |  14.0 |     189 |      23 |  10.8
            +---------+---------+-------+---------+---------+-------
        D:1 |      41 |       0 |   0.0 |      24 |       0 |   0.0
        D:2 |      72 |     277 |  79.4 |      17 |       8 |  32.0
        D:3 |     176 |       8 |   4.3 |      20 |       5 |  20.0
        D:4 |     231 |      22 |   8.7 |      11 |       3 |  21.4
        D:5 |     190 |       0 |   0.0 |       8 |       0 |   0.0
        D:6 |    1078 |     281 |  20.7 |      23 |       1 |   4.2
        D:7 |     888 |       0 |   0.0 |      18 |       0 |   0.0
        D:8 |    1093 |     130 |  10.6 |      23 |       1 |   4.2
        D:9 |    2476 |       0 |   0.0 |      33 |       0 |   0.0
       D:10 |     838 |     438 |  34.3 |      12 |       5 |  29.4
            +---------+---------+-------+---------+---------+-------
